3A
MYRTLE BEACH SEAHAWKS @ GRAND FORKS CATERPILLARS
08/28/2021
 
TOP OF THE 1ST
Myrtle Beach Seahawks batting - Pitching for Grand Forks Caterpillars : LHP Armando Gonzáles
Pitching: LHP Armando Gonzáles
Batting: RHB Manuel Díaz 0-0: Swinging Strike
0-1: Foul Ball, location: 2F
0-2: DOUBLE (Line Drive, 8LXD)
Batting: RHB Dionísio Prudente 0-0: Called Strike
0-1: Foul Ball, location: 2F
0-2: Strikes out swinging
Batting: RHB Fernando Pérez 0-0: Called Strike
0-1: Foul Ball, location: 2F
0-2: Ball
1-2: Ball
2-2: Fly out, F4 (Popup, 3D)
Batting: RHB Jack Peck 0-0: Ball
1-0: Ground out 6-3 (Groundball, 56)
Top of the 1st over - 0 run(s), 1 hit(s), 0 error(s), 1 left on base; Myrtle Beach 0 - Grand Forks 0
BOTTOM OF THE 1ST
Grand Forks Caterpillars batting - Pitching for Myrtle Beach Seahawks : RHP Pat Thompson
Pitching: RHP Pat Thompson
Batting: SHB Luchino Salimbeni 0-0: Called Strike
0-1: Called Strike
0-2: Strikes out swinging
Batting: LHB José Tamayo 0-0: Called Strike
0-1: Called Strike
0-2: Ball
1-2: Strikes out swinging
Batting: LHB José Vargas 0-0: Ball
1-0: Ball
2-0: Ball
3-0: Base on Balls
Batting: LHB Jesús Reyes 0-0: Called Strike
0-1: Swinging Strike
0-2: Strikes out swinging
Bottom of the 1st over - 0 run(s), 0 hit(s), 0 error(s), 1 left on base; Myrtle Beach 0 - Grand Forks 0
TOP OF THE 2ND
Myrtle Beach Seahawks batting - Pitching for Grand Forks Caterpillars : LHP Armando Gonzáles
Batting: RHB José Sosa 0-0: Ball
1-0: Ground out 6-3 (Groundball, 6)
Batting: SHB Tony Martínez 0-0: Ball
1-0: Ball
2-0: Foul Ball, location: 2F
2-1: Ball
3-1: DOUBLE (Flyball, 9D)
Batting: SHB Tony Ortíz 0-0: Called Strike
0-1: Called Strike
0-2: Strikes out swinging
Batting: RHB Jim Unknown 0-0: Ball
1-0: Ball
2-0: DOUBLE (Flyball, 7LM)
Tony Martínez scores
Batting: RHB Guillaume Colin 0-0: Swinging Strike
0-1: Called Strike
0-2: Ball
1-2: Foul Ball, location: 2F
1-2: Strikes out swinging
Top of the 2nd over - 1 run(s), 2 hit(s), 0 error(s), 1 left on base; Myrtle Beach 1 - Grand Forks 0
BOTTOM OF THE 2ND
Grand Forks Caterpillars batting - Pitching for Myrtle Beach Seahawks : RHP Pat Thompson
Batting: RHB Jesús Vásquez 0-0: Swinging Strike
0-1: Ball
1-1: Ball
2-1: Ball
3-1: Ground out 6-3 (Groundball, 6)
Batting: RHB Armando Reyes 0-0: Ball
1-0: Foul Ball, location: 2F
1-1: Swinging Strike
1-2: Ball
2-2: Ball
3-2: SINGLE (Line Drive, 4M)
Batting: LHB Júlio Castro 0-0: Ball
1-0: Ball
2-0: Foul Ball, location: 2F
2-1: Called Strike
2-2: Strikes out swinging
Batting: LHB Felipe Trujillo 0-0: Called Strike
0-1: Ball
Armando Reyes steals 2nd base
1-1: Fly out, F9 (Line Drive, 89S)
Bottom of the 2nd over - 0 run(s), 1 hit(s), 0 error(s), 1 left on base; Myrtle Beach 1 - Grand Forks 0
TOP OF THE 3RD
Myrtle Beach Seahawks batting - Pitching for Grand Forks Caterpillars : LHP Armando Gonzáles
Batting: RHB Manuel Díaz 0-0: Ball
1-0: Called Strike
1-1: SINGLE (Groundball, 6)
Batting: RHB Dionísio Prudente 0-0: Foul Ball, location: 2F
0-1: Ball
1-1: Called Strike
1-2: Strikes out swinging
Batting: RHB Fernando Pérez 0-0: Called Strike
0-1: Swinging Strike
0-2: Strikes out swinging
Batting: RHB Jack Peck 0-0: SINGLE (Flyball, 9S)
Manuel Díaz to second
Runner from 2nd tries for 3rd, SAFE, throw made to third
Batting: RHB José Sosa 0-0: Ball
1-0: Ball
2-0: Swinging Strike
2-1: Foul Ball, location: 2F
2-2: Foul Ball, location: 2F
2-2: Foul Ball, location: 2F
2-2: Strikes out swinging
Top of the 3rd over - 0 run(s), 2 hit(s), 0 error(s), 2 left on base; Myrtle Beach 1 - Grand Forks 0
BOTTOM OF THE 3RD
Grand Forks Caterpillars batting - Pitching for Myrtle Beach Seahawks : RHP Pat Thompson
Batting: LHB Qi-zhen Loong 0-0: Foul Ball, location: 2F
0-1: Ground out 3-1 (Groundball, 34)
Batting: SHB Luchino Salimbeni 0-0: Ground out 4-3 (Groundball, 4)
Batting: LHB José Tamayo 0-0: Ball
1-0: Ball
2-0: Ball
3-0: Base on Balls
Batting: LHB José Vargas 0-0: Ball
Throwing error on steal attempt, E2
José Tamayo to third
1-0: SINGLE (Flyball, 89S)
José Tamayo scores
Batting: LHB Jesús Reyes 0-0: Ball
1-0: Ball
2-0: Foul Ball, location: 2F
2-1: SINGLE (Line Drive, 7S)
José Vargas to second
Batting: RHB Jesús Vásquez 0-0: Called Strike
0-1: Swinging Strike
0-2: Fly out, F4 (Popup, 4D)
Bottom of the 3rd over - 1 run(s), 2 hit(s), 1 error(s), 2 left on base; Myrtle Beach 1 - Grand Forks 1
TOP OF THE 4TH
Myrtle Beach Seahawks batting - Pitching for Grand Forks Caterpillars : LHP Armando Gonzáles
Batting: SHB Tony Martínez 0-0: Ball
1-0: Foul Ball, location: 2F
1-1: SINGLE (Line Drive, 9S)
Batting: SHB Tony Ortíz 0-0: Ball
Tony Martínez is caught stealing 2nd base
1-0: Called Strike
1-1: DOUBLE (Line Drive, 8RM) - OUT at third base trying to stretch hit.
Batting: RHB Jim Unknown 0-0: Ground out 5-3 (Groundball, 56)
Top of the 4th over - 0 run(s), 2 hit(s), 0 error(s), 0 left on base; Myrtle Beach 1 - Grand Forks 1
BOTTOM OF THE 4TH
Grand Forks Caterpillars batting - Pitching for Myrtle Beach Seahawks : RHP Pat Thompson
Batting: RHB Armando Reyes 0-0: Called Strike
0-1: SINGLE (Flyball, 78S) - OUT at second base trying to stretch hit.
Batting: LHB Júlio Castro 0-0: Fly out, F5 (Line Drive, 56S)
Batting: LHB Felipe Trujillo 0-0: Ball
1-0: Ground out 1-3 (Groundball, 15)
Bottom of the 4th over - 0 run(s), 1 hit(s), 0 error(s), 0 left on base; Myrtle Beach 1 - Grand Forks 1
TOP OF THE 5TH
Myrtle Beach Seahawks batting - Pitching for Grand Forks Caterpillars : LHP Armando Gonzáles
Batting: RHB Guillaume Colin 0-0: Foul Ball, location: 2F
0-1: Ball
1-1: Called Strike
1-2: Foul Ball, location: 2F
1-2: Fly out, F9 (Flyball, 89M)
Batting: RHB Manuel Díaz 0-0: Swinging Strike
0-1: Foul Ball, location: 2F
0-2: Ball
1-2: Strikes out swinging
Batting: RHB Dionísio Prudente 0-0: Ball
1-0: Ground out 3-1 (Groundball, 34)
Top of the 5th over - 0 run(s), 0 hit(s), 0 error(s), 0 left on base; Myrtle Beach 1 - Grand Forks 1
BOTTOM OF THE 5TH
Grand Forks Caterpillars batting - Pitching for Myrtle Beach Seahawks : RHP Pat Thompson
Batting: LHB Qi-zhen Loong 0-0: Ball
1-0: Ball
2-0: Called Strike
2-1: Ball
3-1: Foul Ball, location: 2F
3-2: SINGLE (Line Drive, 56D)
Batting: SHB Luchino Salimbeni 0-0: Ball
1-0: Foul Ball, location: 2F
1-1: Ground out 3-1 (Groundball, 34)
Qi-zhen Loong to second
Batting: LHB José Tamayo 0-0: Intentional Walk
Batting: LHB José Vargas 0-0: Foul Ball, location: 2F
0-1: SINGLE (Line Drive, 9S)
Qi-zhen Loong to third
José Tamayo to second
Batting: LHB Jesús Reyes 0-0: Called Strike
0-1: Foul Ball, location: 2F
0-2: Ball
1-2: Strikes out looking
Batting: RHB Jesús Vásquez 0-0: Called Strike
0-1: Foul Ball, location: 2F
0-2: Ball
1-2: Foul Ball, location: 2F
1-2: Foul Ball, location: 2F
1-2: Fielders Choice at 2nd, 6-4 (Groundball, 6)
Bottom of the 5th over - 0 run(s), 2 hit(s), 0 error(s), 2 left on base; Myrtle Beach 1 - Grand Forks 1
TOP OF THE 6TH
Myrtle Beach Seahawks batting - Pitching for Grand Forks Caterpillars : LHP Armando Gonzáles
Batting: RHB Fernando Pérez 0-0: Ball
1-0: Ball
2-0: Ground out 5-3 (Groundball, 5S)
Batting: RHB Jack Peck 0-0: Swinging Strike
0-1: Ball
1-1: Ball
2-1: Ball
3-1: Base on Balls
Batting: RHB José Sosa 0-0: Ball
1-0: Called Strike
1-1: Foul Ball, location: 2F
1-2: Strikes out looking
Batting: SHB Tony Martínez 0-0: Called Strike
0-1: Ball
1-1: SINGLE (Groundball, 6MD)
Jack Peck to second
Runner from 2nd tries for 3rd, SAFE, throw made to third
Tony Martínez to second
Batting: SHB Tony Ortíz 0-0: Called Strike
0-1: Swinging Strike
0-2: Strikes out swinging
Top of the 6th over - 0 run(s), 1 hit(s), 0 error(s), 2 left on base; Myrtle Beach 1 - Grand Forks 1
BOTTOM OF THE 6TH
Grand Forks Caterpillars batting - Pitching for Myrtle Beach Seahawks : RHP Pat Thompson
Batting: RHB Armando Reyes 0-0: Foul Ball, location: 2F
0-1: Foul Ball, location: 2F
0-2: Ball
1-2: Strikes out swinging
Batting: LHB Júlio Castro 0-0: Called Strike
0-1: Ball
1-1: Foul Ball, location: 2F
1-2: Strikes out looking
Batting: LHB Felipe Trujillo 0-0: Ball
1-0: Ball
2-0: Called Strike
2-1: Ball
3-1: Called Strike
3-2: Foul Ball, location: 2F
3-2: Base on Balls
Batting: LHB Qi-zhen Loong 0-0: Ball
Felipe Trujillo is caught stealing 2nd base
Bottom of the 6th over - 0 run(s), 0 hit(s), 0 error(s), 0 left on base; Myrtle Beach 1 - Grand Forks 1
TOP OF THE 7TH
Myrtle Beach Seahawks batting - Pitching for Grand Forks Caterpillars : LHP Armando Gonzáles
Batting: RHB Jim Unknown 0-0: Ball
1-0: Foul Ball, location: 2F
1-1: Ball
2-1: Ball
3-1: Base on Balls
Batting: RHB Guillaume Colin 0-0: Sac Bunt - play at first, batter OUT! 1-4
Jim Unknown to second
Batting: RHB Manuel Díaz 0-0: Called Strike
0-1: Ball
1-1: Swinging Strike
1-2: Foul Ball, location: 2F
1-2: Foul Ball, location: 2F
1-2: Ball
2-2: Ball
3-2: Foul Ball, location: 2F
3-2: Base on Balls
Pitching: RHP Luis Villabos
Batting: RHB Dionísio Prudente 0-0: Foul Ball, location: 2F
0-1: Grounds into double play, 6-4-3 (Groundball, 6)
Top of the 7th over - 0 run(s), 0 hit(s), 0 error(s), 1 left on base; Myrtle Beach 1 - Grand Forks 1
BOTTOM OF THE 7TH
Grand Forks Caterpillars batting - Pitching for Myrtle Beach Seahawks : RHP Pat Thompson
Batting: LHB Qi-zhen Loong 0-0: Foul Ball, location: 2F
0-1: Fly out, F7 (Flyball, 7M)
Batting: SHB Luchino Salimbeni 0-0: Ball
1-0: Swinging Strike
1-1: Swinging Strike
Reached via error on a dropped throw, E3
Batting: LHB José Tamayo 0-0: Ball
1-0: Called Strike
1-1: Ball
2-1: SINGLE (Groundball, 4MD)
Luchino Salimbeni to second
Batting: LHB José Vargas 0-0: Ball
1-0: Grounds into double play, U6-3 (Groundball, 6M)
Bottom of the 7th over - 0 run(s), 1 hit(s), 1 error(s), 1 left on base; Myrtle Beach 1 - Grand Forks 1
TOP OF THE 8TH
Myrtle Beach Seahawks batting - Pitching for Grand Forks Caterpillars : RHP Luis Villabos
Pinch Hitting: RHB Jim Unknown 0-0: Swinging Strike
0-1: Ball
1-1: Ball
2-1: Swinging Strike
2-2: Foul Ball, location: 2F
2-2: Foul Ball, location: 2F
2-2: Foul Ball, location: 2F
2-2: Foul Ball, location: 2F
2-2: Strikes out swinging
Batting: RHB Jack Peck 0-0: Ball
1-0: Ball
2-0: Foul Ball, location: 2F
2-1: Ball
3-1: Base on Balls
Batting: RHB José Sosa 0-0: Called Strike
0-1: Ball
1-1: Called Strike
1-2: Grounds into double play, 6-4-3 (Groundball, 6)
Top of the 8th over - 0 run(s), 0 hit(s), 0 error(s), 0 left on base; Myrtle Beach 1 - Grand Forks 1
BOTTOM OF THE 8TH
Grand Forks Caterpillars batting - Pitching for Myrtle Beach Seahawks : RHP Pat Thompson
Now at 3B: Jim Unknown
Batting: LHB Jesús Reyes 0-0: Ball
1-0: Foul Ball, location: 2F
1-1: Fly out, F7 (Flyball, 7LS)
Batting: RHB Jesús Vásquez 0-0: Ball
1-0: Called Strike
1-1: Foul Ball, location: 2F
1-2: Foul Ball, location: 2F
1-2: Ball
2-2: Ball
3-2: Strikes out looking
Batting: RHB Armando Reyes 0-0: Swinging Strike
0-1: Swinging Strike
0-2: Foul Ball, location: 2F
0-2: Ball
1-2: Strikes out looking
Bottom of the 8th over - 0 run(s), 0 hit(s), 0 error(s), 0 left on base; Myrtle Beach 1 - Grand Forks 1
TOP OF THE 9TH
Myrtle Beach Seahawks batting - Pitching for Grand Forks Caterpillars : RHP Luis Villabos
Pitching: LHP José Sandoval
Batting: SHB Tony Martínez 0-0: Foul Ball, location: 2F
0-1: Ball
1-1: Fly out, F9 (Flyball, 9M)
Pinch Hitting: RHB Jim Unknown 0-0: Ball
1-0: Foul Ball, location: 2F
1-1: Ball
2-1: SOLO HOME RUN (Flyball, 7D), Distance : 375 ft
Batting: RHB Jim Unknown 0-0: Called Strike
0-1: Ball
1-1: Swinging Strike
1-2: Strikes out looking
Batting: RHB Guillaume Colin 0-0: SINGLE (Flyball, 9S)
Pinch Runner at 1st Remigio Burmester:
Batting: RHB Manuel Díaz 0-0: Ball
1-0: Called Strike
1-1: Foul Ball, location: 2F
1-2: Ball
Remigio Burmester steals 2nd base
2-2: Fly out, F1 (Line Drive, 13)
Top of the 9th over - 1 run(s), 2 hit(s), 0 error(s), 1 left on base; Myrtle Beach 2 - Grand Forks 1
BOTTOM OF THE 9TH
Grand Forks Caterpillars batting - Pitching for Myrtle Beach Seahawks : RHP Pat Thompson
Now at 1B: Jim Unknown
Batting: LHB Júlio Castro 0-0: Ball
1-0: Called Strike
1-1: Fly out, F7 (Flyball, 7M)
Batting: LHB Felipe Trujillo 0-0: Called Strike
0-1: Called Strike
0-2: Foul Ball, location: 2F
0-2: Foul Ball, location: 2F
0-2: Ball
1-2: Ball
2-2: Ball
3-2: Ground out 6-3 (Groundball, 6M)
Pitching: RHP Fernando Cruz
Batting: LHB Qi-zhen Loong 0-0: Foul Ball, location: 2F
0-1: Ball
1-1: Ball
2-1: SOLO HOME RUN (Flyball, 9D), Distance : 412 ft
Pinch Hitting: RHB Alfonso Baca 0-0: Called Strike
0-1: Foul Ball, location: 2F
0-2: Foul Ball, location: 2F
0-2: Ball
1-2: Strikes out swinging
Bottom of the 9th over - 1 run(s), 1 hit(s), 0 error(s), 0 left on base; Myrtle Beach 2 - Grand Forks 2
TOP OF THE 10TH
Myrtle Beach Seahawks batting - Pitching for Grand Forks Caterpillars : LHP José Sandoval
Now at SS: Pedro Villa
Batting: RHB Dionísio Prudente 0-0: Called Strike
0-1: Foul Ball, location: 2F
0-2: Ball
1-2: Foul Ball, location: 2F
1-2: Ball
2-2: Ball
3-2: Foul Ball, location: 2F
3-2: Foul Ball, location: 2F
3-2: Ground out 4-3 (Groundball, 4M)
Batting: RHB Jim Unknown 0-0: Ball
1-0: Swinging Strike
1-1: Ball
2-1: Called Strike
2-2: Ball
3-2: Foul Ball, location: 2F
3-2: Base on Balls
Pinch Runner at 1st Jorge Barrios:
Batting: RHB Jack Peck 0-0: Called Strike
0-1: Ball
1-1: Ball
2-1: Called Strike
2-2: Strikes out swinging
Batting: RHB José Sosa 0-0: Ball
1-0: Ball
2-0: Fielders Choice at 2nd, 5-4 (Groundball, 56)
Top of the 10th over - 0 run(s), 0 hit(s), 0 error(s), 0 left on base; Myrtle Beach 2 - Grand Forks 2
BOTTOM OF THE 10TH
Grand Forks Caterpillars batting - Pitching for Myrtle Beach Seahawks : RHP Fernando Cruz
Now in CF: Jorge Barrios
Batting: LHB José Tamayo 0-0: Called Strike
0-1: Ball
1-1: Called Strike
1-2: Ball
2-2: Ball
3-2: Foul Ball, location: 2F
3-2: Base on Balls
Pinch Hitting: LHB Gonzalo Álvarez 0-0: Called Strike
José Tamayo steals 2nd base
0-1: Called Strike
0-2: Ball
1-2: Strikes out looking
Batting: LHB Jesús Reyes 0-0: Intentional Walk
Batting: RHB Jesús Vásquez 0-0: Ball
1-0: Swinging Strike
1-1: Swinging Strike
1-2: Strikes out swinging
Batting: RHB Armando Reyes 0-0: Called Strike
0-1: Foul Ball, location: 2F
0-2: Strikes out swinging
Bottom of the 10th over - 0 run(s), 0 hit(s), 0 error(s), 2 left on base; Myrtle Beach 2 - Grand Forks 2
TOP OF THE 11TH
Myrtle Beach Seahawks batting - Pitching for Grand Forks Caterpillars : LHP José Sandoval
Pitching: RHP Esteban Nevárez
Now in RF: Gonzalo Álvarez
Batting: SHB Tony Martínez 0-0: Ball
1-0: Called Strike
1-1: Ball
2-1: Swinging Strike
2-2: SINGLE (Groundball, 34S)
Batting: RHB Jim Unknown 0-0: Called Strike
0-1: Foul Ball, location: 2F
0-2: Ball
1-2: SINGLE (Groundball, 4MD)
Tony Martínez to second
Batting: RHB Jim Unknown 0-0: Reached on error, E2 (Groundball, 25)
Tony Martínez scores
Jim Unknown to third
Batting: RHB Remigio Burmester 0-0: Ball
1-0: Called Strike
1-1: Fly out, F8 (Flyball, 8LD)
Runner from 3rd tags up, SCORES, no throw
Batting: RHB Manuel Díaz 0-0: Ball
1-0: Called Strike
1-1: Called Strike
1-2: Ball
2-2: Ball
3-2: Foul Ball, location: 2F
3-2: Strikes out swinging
Batting: RHB Dionísio Prudente 0-0: Called Strike
0-1: Called Strike
0-2: Ball
1-2: Ball
2-2: SINGLE (Groundball, 56D)
Jim Unknown to third
Runner from 3rd tries for Home, SAFE, no throw or cutoff
Batting: SHB Jorge Barrios 0-0: Foul Ball, location: 2F
0-1: Ball
1-1: DOUBLE (Line Drive, 78M)
Dionísio Prudente to third
Runner from 3rd tries for Home, SAFE, throw made home
Pitching: LHP Juan García
Batting: RHB Jack Peck 0-0: Called Strike
0-1: Foul Ball, location: 2F
0-2: SINGLE (Line Drive, 34)
Jorge Barrios to third
Runner from 3rd tries for Home, SAFE, no throw or cutoff
Batting: RHB José Sosa 0-0: Ball
1-0: Fly out, F8 (Flyball, 8LS)
Top of the 11th over - 5 run(s), 5 hit(s), 1 error(s), 1 left on base; Myrtle Beach 7 - Grand Forks 2
BOTTOM OF THE 11TH
Grand Forks Caterpillars batting - Pitching for Myrtle Beach Seahawks : RHP Fernando Cruz
Batting: LHB Júlio Castro 0-0: Ball
1-0: Called Strike
1-1: Foul Ball, location: 2F
1-2: Ball
2-2: Ground out 6-3 (Groundball, 6)
Batting: LHB Felipe Trujillo 0-0: Ball
1-0: Ball
2-0: Ball
3-0: Called Strike
3-1: DOUBLE (Line Drive, 78D)
Batting: LHB Qi-zhen Loong 0-0: Ball
1-0: SINGLE (Line Drive, 9LM)
Felipe Trujillo to third
Runner from 3rd tries for Home, SAFE, no throw or cutoff
Batting: RHB Pedro Villa 0-0: Foul Ball, location: 2F
0-1: Called Strike
0-2: SINGLE (Groundball, 13) (infield hit)
Qi-zhen Loong to second
Batting: LHB José Tamayo 0-0: Ball
1-0: Foul Ball, location: 2F
1-1: Swinging Strike
1-2: Strikes out swinging
Pitching: RHP Jim Unknown
Batting: LHB Gonzalo Álvarez 0-0: Foul Ball, location: 2F
0-1: Swinging Strike
0-2: Ball
1-2: Ball
2-2: Strikes out swinging
Bottom of the 11th over - 1 run(s), 3 hit(s), 0 error(s), 2 left on base; Myrtle Beach 7 - Grand Forks 3
This league is powered by Out of the Park Baseball, the baseball management simulation game for PC, Mac and Linux
Friday, January 22nd, 2016 - OOTP Baseball 16.9 Build 39